 Dungeon Crawl Stone Soup version 0.19-a0-1037-g36c65c9 (webtiles) character file.

2482 Deeps the Cleaver (level 9, -3/71 HPs)
             Began as a Minotaur Fighter on July 29, 2016.
             Engulfed by a cloud of freezing vapour (18 damage)
             ... on level 6 of the Dungeon.
             The game lasted 00:14:40 (6298 turns).

Deeps the Cleaver (Minotaur Fighter)                Turns: 6298, Time: 00:14:41

Health: -3/71      AC:  7    Str: 23    XL:     9   Next: 27%
Magic:  8/8        EV:  7    Int:  5    God:
Gold:   190        SH:  9    Dex: 11    Spells: 0 memorised, 8 levels left

rFire  . . .     SeeInvis .     a - +0 war axe
rCold  . . .     Gourm    .     b - +0 scale mail
rNeg   . . .     Faith    .     c - +0 shield
rPois  .         Spirit   .     (helmet restricted)
rElec  .         Dismiss  .     (no cloak)
rCorr  .         Reflect  .     (no gloves)
SustAt .         Harm     .     (no boots)
MR     .....                    (no amulet)
Stlth  ..........               (no ring)
                                (no ring)

@: marked, not resistant to hostile enchantments, extremely unstealthy
A: retaliatory headbutt, horns 2
a: no special abilities


You were on level 6 of the Dungeon.
You were not hungry.

You visited 1 branch of the dungeon, and saw 6 of its levels.
You also visited: Sewer and Ossuary.

You collected 190 gold pieces.

Inventory:

Hand Weapons
 a - a +0 war axe (weapon)
 r - a +1 flail of protection
Armour
 b - a +0 scale mail (worn)
 c - a +0 shield (worn)
Jewellery
 f - an uncursed ring of wizardry {unknown}
 h - an uncursed amulet of guardian spirit {unknown}
Wands
 t - a wand of flame (48/48)
Scrolls
 d - 2 scrolls of fear
 g - a scroll of blinking
 i - 6 scrolls of teleportation
 j - 3 scrolls of remove curse
 l - a scroll of enchant armour
 m - a scroll of recharging
 n - 4 scrolls of identify
 p - a scroll of magic mapping
 q - 2 scrolls of fog {unknown}
 u - 2 scrolls of random uselessness
 w - a scroll of amnesia
Potions
 e - 2 potions of curing
 k - 3 potions of brilliance
 v - 5 potions of flight {unknown}
 x - 2 potions of mutation {unknown}
 z - a potion of degeneration {unknown}
Comestibles
 o - 2 fruits
 s - 4 meat rations
 A - a bread ration


   Skills:
 - Level 3.8 Fighting
 + Level 14.2 Axes
 - Level 4.0 Armour
 - Level 0.2 Dodging
 - Level 3.6 Shields


You had 8 spell levels left.
You didn't know any spells.

Dungeon Overview and Level Annotations

Branches:
Dungeon (6/15)             Temple (0/1) D:4

Altars:
Cheibriados
Dithmenos
Elyvilon
Gozag
Nemelex Xobeh
Pakellas
Qazlal
Uskayaw
Vehumet

Shops:
D:6 }


Innate Abilities, Weirdness & Mutations

You reflexively headbutt those who attack you in melee.
You have a pair of horns on your head.


Message History

No target in view!
No target in view!
No target in view!
No target in view!
Found a whip.
You see here an iguana corpse.
Found a great sword.
j - 3 scrolls of remove curse (gained 1)
You open the door.
Really walk into a travel-excluded area?
There is an open door here.
You found an alarm trap!
You are engulfed in freezing vapours.
Really walk onto that alarm trap?
The alarm trap emits a blaring wail!
A sentinel's mark forms upon you.
You are engulfed in freezing vapours.
You are engulfed in freezing vapours.
* * * LOW HITPOINT WARNING * * *
You feel better.
You are engulfed in freezing vapours.
You die...

######### ######
#########.......#######....#
#>......'.......+.....#....#####
#.#######...†...#####.#....##...
#...........................#'#.
######################......+∩+.
##....§§§.......!($$(#.....##'##
##.###################..####..##
##....§....§§§§@§§§..#.......###
##################8'8#......## #
#################..##......# #
#.......###......# #
#......####.#....# #
#.).......#.#....# #
#.........#.#†.######
#....................
######.#.............


There were no monsters in sight!

Vanquished Creatures
  Pikel (D:6)
  The ghost of shanghai the Skirmisher, an amateur CeGl (Ossuary)
  Prince Ribbit (D:5)
  Sigmund (D:6)
  Edmund (D:5)
  Purgy (Sewer)
  A slave (D:6)
  A centaur (D:6)
  A giant frog (D:6)
  A scorpion (D:4)
  A howler monkey (D:6)
  2 crimson imps (D:5)
  An orc wizard (D:4)
  6 orc priests (D:4)
  2 iguanas
  A giant frog skeleton (D:6)
  Natasha (thrice) (D:4)
  5 worker ants
  A statue (D:4)
  9 big kobold zombies (Ossuary)
  A mummy (Ossuary)
  A worker ant zombie (D:6)
  4 gnolls (D:4)
  6 adders
  A howler monkey skeleton (D:4)
  2 shadow imps
  4 worms
  2 dart slugs (D:1)
  5 giant geckos
  16 orcs (D:4)
  A spectral bat (Ossuary)
  8 giant cockroaches
  5 goblins
  10 hobgoblins
  10 jackals
  5 quokkas
  3 ball pythons
  9 bats
  2 bat simulacra (Ossuary)
  A giant gecko zombie (D:5)
  7 giant newts
  3 gnoll zombies (Ossuary)
  3 goblin simulacra (Ossuary)
  8 goblin zombies
  4 hobgoblin zombies (Ossuary)
  5 kobolds
  4 kobold simulacra (Ossuary)
  3 kobold zombies (Ossuary)
  4 orc zombies (Ossuary)
  7 rats
  A rat zombie (D:5)
  9 spectral goblins (Ossuary)
  2 spectral kobolds (Ossuary)
  3 spectral rats (Ossuary)
200 creatures vanquished.

Notes
Turn   | Place    | Note
-------+----------+-------------------------------------------
     0 | D:1      | Deeps the Minotaur Fighter began the quest for the Orb.
     0 | D:1      | Reached XP level 1. HP: 19/19 MP: 0/0
   251 | D:1      | Reached XP level 2. HP: 27/27 MP: 1/1
   450 | D:1      | Reached skill level 3 in Axes
   669 | D:1      | Reached XP level 3. HP: 28/33 MP: 2/2
   916 | D:2      | Reached skill level 4 in Axes
  1132 | D:2      | Found an oddly glowing altar of Pakellas.
  1150 | D:2      | Reached XP level 4. HP: 40/40 MP: 3/3
  1220 | D:2      | Reached skill level 5 in Axes
  1943 | D:4      | Reached XP level 5. HP: 41/46 MP: 4/4
  1962 | D:4      | Reached skill level 6 in Axes
  2191 | D:4      | Reached skill level 7 in Axes
  3035 | D:4      | Noticed Natasha
  3044 | D:4      | Killed Natasha
  3044 | D:4      | Reached XP level 6. HP: 38/52 MP: 5/5
  3133 | D:4      | Found a white marble altar of Elyvilon.
  3133 | D:4      | Found a hide-covered altar of Uskayaw.
  3243 | D:4      | Reached skill level 8 in Axes
  3389 | D:4      | Found a radiant altar of Vehumet.
  3547 | D:4      | Found a staircase to the Ecumenical Temple.
  3698 | D:4      | Reached XP level 7. HP: 47/58 MP: 6/6
  3706 | D:4      | Noticed Natasha
  3712 | D:4      | Killed Natasha
  3712 | D:4      | Reached skill level 9 in Axes
  3728 | D:4      | Noticed Natasha
  3745 | D:4      | HP: 2/58 [Natasha/magic dart (3)]
  3755 | D:4      | Killed Natasha
  3977 | D:4      | Found a snail-covered altar of Cheibriados.
  4046 | D:4      | Found a sparkling altar of Nemelex Xobeh.
  4335 | D:5      | Entered Level 5 of the Dungeon
  4354 | D:5      | Found a sand-covered staircase.
  4370 | Ossuary  | Entered an ossuary
  4462 | Ossuary  | Noticed shanghai's ghost (amateur CeGl)
  4485 | Ossuary  | Reached skill level 10 in Axes
  4509 | Ossuary  | Killed shanghai's ghost
  4509 | Ossuary  | Reached skill level 11 in Axes
  4509 | Ossuary  | Reached XP level 8. HP: 13/66 MP: 7/7
  5013 | D:5      | Found an opulent altar of Gozag.
  5142 | D:5      | Noticed Edmund
  5154 | D:5      | Killed Edmund
  5305 | D:5      | Noticed Prince Ribbit
  5314 | D:5      | Killed Prince Ribbit
  5314 | D:5      | Reached skill level 12 in Axes
  5686 | D:6      | Noticed Sigmund
  5699 | D:6      | Killed Sigmund
  5699 | D:6      | Reached skill level 13 in Axes
  5717 | D:6      | Noticed Pikel
  5728 | D:6      | Killed Pikel
  5728 | D:6      | Reached XP level 9. HP: 50/71 MP: 8/8
  5737 | D:6      | Found a shadowy altar of Dithmenos.
  5744 | D:6      | Found a stormy altar of Qazlal.
  5820 | D:6      | Found a glowing drain.
  5840 | Sewer    | Entered a sewer
  5886 | Sewer    | Noticed Purgy
  5894 | Sewer    | Killed Purgy
  5894 | Sewer    | Reached skill level 14 in Axes
  6194 | D:6      | Found Zottufo's Gadget Emporium.
  6298 | D:6      | Engulfed by a cloud of freezing vapour

Vault maps used:
D:1:      arrival_zaba_pyramid, minmay_misc_feat_rows
D:2:      overflow_temple_1_default
D:3:      item_on_display_a
D:4:      overflow_temple_1_default, vehumet_statue, kennysheep_little_box,
          gammafunk_temple_overflow_elements, first_bread, uniq_natasha
D:5:      enter_ossuary_4, serial_bayou_pond_a, hangedman_decor_opposing,
          grunt_gozag_statues, uniq_edmund, uniq_prince_ribbit1
D:6:      lemuel_ice_spiral_2, kennysheep_mini_moat, basic_altar, serial_shops,
          kennysheep_mini, gup_sewer_entry_pipe, supply_closet_lemuel,
          uniq_sigmund, uniq_pikel
Sewer:    sewer_co_purgy_island
Ossuary:  ossuary_zaba_two_paths

Skill      XL: |  1  2  3  4  5  6  7  8  9 |
---------------+----------------------------+-----
Armour         | 4 |  4.0
Axes           | 3 4 5 7 8 11 13 14 | 14.2
Fighting       | |  3.8
Dodging        | |  0.2
Shields        | |  3.6

Action                   |  1- 3 |  4- 6 |  7- 9 || total
-------------------------+-------+-------+-------++-------
Melee: War axe           |   107 |   168 |   338 ||   613
       Headbutt          |    11 |    20 |    65 ||    96
  Use: Potion            |       |       |    12 ||    12
       Scroll            |       |       |     9 ||     9
  Eat: Chunk             |       |     9 |     1 ||    10
       Bread ration      |       |       |     2 ||     2
Armor: Scale mail        |    59 |    39 |    86 ||   184
Dodge: Dodged            |    34 |    34 |    53 ||   121
Block: Shield            |    68 |    78 |   122 ||   268
